TOP OF THE 1ST |
Boston Red Sox batting - Pitching for Toronto Blue Jays : LHP Clayton Kershaw
|
Pitching: LHP Clayton Kershaw
|
|
Batting: LHB Daniel Descalso
|
0-0: Called Strike 0-1: SINGLE (Groundball, 6MD)
|
Batting: LHB J.P. Crawford
|
0-0: Ball 1-0: Grounds into double play, 4-6-3 (Groundball, 4)
|
Batting: RHB Yasiel Puig
|
0-0: Called Strike 0-1: Ball 1-1: Ball 2-1: Ball 3-1: Base on Balls
|
Batting: RHB Yoenis Cespedes
|
0-0: Ball Yasiel Puig is caught stealing 2nd base
|
Top of the 1st over - 0 runs, 1 hit, 0 errors, 0 left on base; Boston 0 - Toronto 0 |
BOTTOM OF THE 1ST |
Toronto Blue Jays batting - Pitching for Boston Red Sox : LHP Madison Bumgarner
|
Pitching: LHP Madison Bumgarner
|
|
Batting: LHB Dee Gordon
|
0-0: Called Strike 0-1: Ball 1-1: SINGLE (Groundball, 6MD)
|
Batting: RHB Keon Broxton
|
0-0: Ball Dee Gordon steals 2nd base 1-0: Foul Ball, location: 2F 1-1: 2-RUN HOME RUN (Flyball, 78XD), Distance : 410 ft
|
Batting: RHB Andrew McCutchen
|
0-0: Foul Ball, location: 2F 0-1: Foul Ball, location: 2F 0-2: Ball 1-2: Foul Ball, location: 2F 1-2: Ball 2-2: Foul Ball, location: 2F 2-2: Foul Ball, location: 2F 2-2: Foul Ball, location: 2F 2-2: DOUBLE (Flyball, 8RXD)
|
Batting: SHB Josh Bell
|
0-0: SINGLE (Groundball, 6MD) Andrew McCutchen to third
|
Batting: LHB Carlos Gonzalez
|
0-0: DOUBLE (Flyball, 8RXD) Andrew McCutchen scores Josh Bell to third Runner from 3rd tries for Home, SAFE, no throw
|
Batting: RHB Nicholas Castellanos
|
0-0: Ball 1-0: Ball 2-0: Foul Ball, location: 2F 2-1: Swinging Strike 2-2: Ball 3-2: Foul Ball, location: 2F 3-2: Strikes out looking
|
Batting: RHB Jorge Soler
|
0-0: Ball 1-0: SINGLE (Flyball, 89M) Carlos Gonzalez to third
|
Batting: RHB Derek Norris
|
0-0: Ball 1-0: Called Strike 1-1: Called Strike 1-2: Ball 2-2: Strikes out swinging
|
Batting: RHB Dixon Machado
|
0-0: Ball 1-0: Fly out, F9 (Flyball, 9LDF)
|
Bottom of the 1st over - 4 runs, 6 hits, 0 errors, 2 left on base; Boston 0 - Toronto 4 |
TOP OF THE 2ND |
Boston Red Sox batting - Pitching for Toronto Blue Jays : LHP Clayton Kershaw
|
Batting: RHB Yoenis Cespedes
|
0-0: Ball 1-0: Foul Ball, location: 2F 1-1: Fly out, F7 (Flyball, 78S)
|
Batting: LHB Matt Adams
|
0-0: Ball 1-0: Ball 2-0: Called Strike 2-1: Called Strike 2-2: Ball 3-2: Fly out, F8 (Flyball, 89D)
|
Batting: RHB Travis d'Arnaud
|
0-0: SINGLE (Line Drive, 6M)
|
Batting: SHB Yangervis Solarte
|
0-0: Called Strike 0-1: Ball 1-1: Called Strike 1-2: Ball 2-2: SINGLE (Groundball, 56D) Travis d'Arnaud to second
|
Batting: LHB Derek Dietrich
|
0-0: Foul Ball, location: 2F 0-1: Foul Ball, location: 2F 0-2: Strikes out looking
|
Top of the 2nd over - 0 runs, 2 hits, 0 errors, 2 left on base; Boston 0 - Toronto 4 |
BOTTOM OF THE 2ND |
Toronto Blue Jays batting - Pitching for Boston Red Sox : LHP Madison Bumgarner
|
Batting: LHB Dee Gordon
|
0-0: Ball 1-0: Ball 2-0: Foul Ball, location: 2F 2-1: Ball 3-1: Foul Ball, location: 2F 3-2: Ground out 6-3 (Groundball, 6MS)
|
Batting: RHB Keon Broxton
|
0-0: Ball 1-0: Ball 2-0: Ball 3-0: Called Strike 3-1: Foul Ball, location: 2F 3-2: Fly out, F7 (Flyball, 7)
|
Batting: RHB Andrew McCutchen
|
0-0: Ball 1-0: Called Strike 1-1: Ball 2-1: Called Strike 2-2: Ball 3-2: Foul Ball, location: 2F 3-2: Base on Balls
|
Batting: SHB Josh Bell
|
0-0: Foul Ball, location: 2F 0-1: Fly out, F7 (Flyball, 7)
|
Bottom of the 2nd over - 0 runs, 0 hits, 0 errors, 1 left on base; Boston 0 - Toronto 4 |
TOP OF THE 3RD |
Boston Red Sox batting - Pitching for Toronto Blue Jays : LHP Clayton Kershaw
|
Batting: LHB Jackie Bradley Jr.
|
0-0: Called Strike 0-1: Ground out 6-3 (Groundball, 6)
|
Batting: LHB Daniel Descalso
|
0-0: Called Strike 0-1: Swinging Strike 0-2: Ball 1-2: SOLO HOME RUN (Line Drive, 7LD), Distance : 351 ft
|
Batting: LHB J.P. Crawford
|
0-0: Swinging Strike 0-1: Ball 1-1: Ball 2-1: Foul Ball, location: 2F 2-2: Foul Ball, location: 2F 2-2: Foul Ball, location: 2F 2-2: Foul Ball, location: 2F 2-2: SINGLE (Groundball, 5D)
|
Batting: RHB Yasiel Puig
|
0-0: Ball 1-0: Ball 2-0: Ball 3-0: Called Strike 3-1: Called Strike 3-2: Foul Ball, location: 2F 3-2: Base on Balls J.P. Crawford to second
|
Batting: RHB Yoenis Cespedes
|
0-0: Ball 1-0: Ball 2-0: Ball 3-0: Called Strike 3-1: Called Strike 3-2: Foul Ball, location: 2F 3-2: Foul Ball, location: 2F 3-2: Base on Balls J.P. Crawford to third Yasiel Puig to second
|
Batting: LHB Matt Adams
|
0-0: Called Strike 0-1: Called Strike 0-2: Ball 1-2: Ball 2-2: Foul Ball, location: 2F 2-2: Strikes out looking
|
Batting: RHB Travis d'Arnaud
|
0-0: Swinging Strike 0-1: Ball 1-1: GRAND SLAM HOME RUN (Flyball, 8LXD), Distance : 404 ft
|
Batting: SHB Yangervis Solarte
|
0-0: Called Strike 0-1: Foul Ball, location: 2F 0-2: Ball 1-2: Ball 2-2: Strikes out swinging
|
Top of the 3rd over - 5 runs, 3 hits, 0 errors, 0 left on base; Boston 5 - Toronto 4 |
BOTTOM OF THE 3RD |
Toronto Blue Jays batting - Pitching for Boston Red Sox : LHP Madison Bumgarner
|
Batting: LHB Carlos Gonzalez
|
0-0: Ball 1-0: Ball 2-0: Foul Ball, location: 2F 2-1: Swinging Strike 2-2: Strikes out swinging
|
Batting: RHB Nicholas Castellanos
|
0-0: Ball 1-0: Called Strike 1-1: Ball 2-1: Ball 3-1: Ground out 6-3 (Groundball, 6MS)
|
Batting: RHB Jorge Soler
|
0-0: Ball 1-0: SINGLE (Line Drive, 78S)
|
Batting: RHB Derek Norris
|
0-0: Called Strike 0-1: Ball 1-1: Foul Ball, location: 2F 1-2: Fly out, F6 (Popup, 6M)
|
Bottom of the 3rd over - 0 runs, 1 hit, 0 errors, 1 left on base; Boston 5 - Toronto 4 |
TOP OF THE 4TH |
Boston Red Sox batting - Pitching for Toronto Blue Jays : LHP Clayton Kershaw
|
Batting: LHB Derek Dietrich
|
0-0: Swinging Strike 0-1: Ball 1-1: Foul Ball, location: 2F 1-2: Ball 2-2: Foul Ball, location: 2F 2-2: Ball 3-2: Foul Ball, location: 2F 3-2: Base on Balls
|
Pitching: RHP Nathan Eovaldi
|
|
Batting: LHB Jackie Bradley Jr.
|
0-0: Ball 1-0: Swinging Strike 1-1: Ball 2-1: Ball 3-1: Called Strike 3-2: SINGLE (Groundball, 25) (infield hit) Derek Dietrich to second
|
Batting: LHB Daniel Descalso
|
0-0: Ball 1-0: Ball 2-0: Foul Ball, location: 2F 2-1: Foul Ball, location: 2F 2-2: Ball 3-2: SINGLE (Line Drive, 6D) Derek Dietrich to third Jackie Bradley Jr. to second
|
Batting: LHB J.P. Crawford
|
0-0: Called Strike 0-1: Ball 1-1: Ball 2-1: Foul Ball, location: 2F 2-2: Ball 3-2: Base on Balls Derek Dietrich scores Jackie Bradley Jr. to third Daniel Descalso to second
|
Batting: RHB Yasiel Puig
|
0-0: Called Strike 0-1: Ball 1-1: Ball 2-1: Swinging Strike 2-2: Foul Ball, location: 2F 2-2: DOUBLE (Flyball, 8LXD) Jackie Bradley Jr. scores Daniel Descalso scores J.P. Crawford to third
|
Batting: RHB Yoenis Cespedes
|
0-0: Foul Ball, location: 2F 0-1: Hit by Pitch
|
Batting: LHB Matt Adams
|
0-0: Swinging Strike 0-1: Called Strike 0-2: Ball 1-2: Ball 2-2: Strikes out swinging
|
Batting: RHB Travis d'Arnaud
|
0-0: Ball 1-0: Ball 2-0: Fly out, F9 (Flyball, 9S)
|
Batting: SHB Yangervis Solarte
|
0-0: Ball 1-0: Foul Ball, location: 2F 1-1: Foul Ball, location: 2F 1-2: Foul Ball, location: 2F 1-2: Foul Ball, location: 2F 1-2: Strikes out looking
|
Top of the 4th over - 3 runs, 3 hits, 0 errors, 3 left on base; Boston 8 - Toronto 4 |
BOTTOM OF THE 4TH |
Toronto Blue Jays batting - Pitching for Boston Red Sox : LHP Madison Bumgarner
|
Batting: RHB Dixon Machado
|
0-0: Reached on error, E6 (Groundball, 6)
|
Batting: LHB Dee Gordon
|
0-0: Called Strike 0-1: Ball 1-1: Swinging Strike 1-2: Foul Ball, location: 2F 1-2: Ball 2-2: Foul Ball, location: 2F 2-2: Fly out, F8 (Line Drive, 8RD)
|
Pitching: RHP Tyler Chatwood
|
|
Batting: RHB Keon Broxton
|
0-0: Ball 1-0: 2-RUN HOME RUN (Flyball, 7LD), Distance : 346 ft
|
Batting: RHB Andrew McCutchen
|
0-0: Ball 1-0: Called Strike 1-1: SINGLE (Flyball, 89S)
|
Batting: SHB Josh Bell
|
0-0: Called Strike 0-1: Foul Ball, location: 2F 0-2: Foul Ball, location: 2F 0-2: Strikes out looking
|
Batting: LHB Carlos Gonzalez
|
0-0: Called Strike 0-1: Ball 1-1: Ball 2-1: Called Strike 2-2: Strikes out swinging
|
Bottom of the 4th over - 2 runs, 2 hits, 1 error, 1 left on base; Boston 8 - Toronto 6 |
TOP OF THE 5TH |
Boston Red Sox batting - Pitching for Toronto Blue Jays : RHP Nathan Eovaldi
|
Batting: LHB Derek Dietrich
|
0-0: Ball 1-0: Ball 2-0: Ball 3-0: Base on Balls
|
Pitching: RHP Carson Smith
|
|
Batting: LHB Jackie Bradley Jr.
|
0-0: Called Strike 0-1: Ball 1-1: Ball 2-1: Swinging Strike 2-2: Foul Ball, location: 2F 2-2: Ball 3-2: Ground out 5-3 (Groundball, 56S) Derek Dietrich to second
|
Batting: LHB Daniel Descalso
|
0-0: Ball 1-0: Ground out 5-3 (Groundball, 56)
|
Batting: LHB J.P. Crawford
|
0-0: Ball 1-0: Ball 2-0: Ball 3-0: Called Strike 3-1: Base on Balls
|
Batting: RHB Yasiel Puig
|
0-0: Called Strike 0-1: Fly out, F8 (Flyball, 8LM)
|
Top of the 5th over - 0 runs, 0 hits, 0 errors, 2 left on base; Boston 8 - Toronto 6 |
BOTTOM OF THE 5TH |
Toronto Blue Jays batting - Pitching for Boston Red Sox : RHP Tyler Chatwood
|
Batting: RHB Nicholas Castellanos
|
0-0: Called Strike 0-1: Ball 1-1: SINGLE (Line Drive, 8LS)
|
Batting: RHB Jorge Soler
|
0-0: Ball 1-0: Called Strike 1-1: Fly out, F6 (Popup, 6)
|
Batting: RHB Derek Norris
|
0-0: Ball 1-0: Swinging Strike 1-1: SINGLE (Flyball, 89M) Nicholas Castellanos to second
|
Batting: RHB Dixon Machado
|
0-0: Ball 1-0: Called Strike 1-1: Foul Ball, location: 2F 1-2: Foul Ball, location: 2F 1-2: Strikes out swinging
|
Pitching: RHP Cam Bedrosian
|
|
Batting: LHB Dee Gordon
|
0-0: Fly out, F7 (Flyball, 7S)
|
Bottom of the 5th over - 0 runs, 2 hits, 0 errors, 2 left on base; Boston 8 - Toronto 6 |
TOP OF THE 6TH |
Boston Red Sox batting - Pitching for Toronto Blue Jays : RHP Carson Smith
|
Batting: RHB Yoenis Cespedes
|
0-0: Ground out 4-3 (Groundball, 4)
|
Batting: LHB Matt Adams
|
0-0: Called Strike 0-1: Foul Ball, location: 2F 0-2: Ball 1-2: SINGLE (Line Drive, 4D)
|
Batting: RHB Travis d'Arnaud
|
0-0: Called Strike 0-1: Foul Ball, location: 2F 0-2: Ball 1-2: Grounds into double play, 5-4-3 (Groundball, 5)
|
Top of the 6th over - 0 runs, 1 hit, 0 errors, 0 left on base; Boston 8 - Toronto 6 |
BOTTOM OF THE 6TH |
Toronto Blue Jays batting - Pitching for Boston Red Sox : RHP Cam Bedrosian
|
Batting: RHB Keon Broxton
|
0-0: Ball 1-0: Foul Ball, location: 2F 1-1: Ball 2-1: Hit by Pitch
|
Batting: RHB Andrew McCutchen
|
0-0: Swinging Strike 0-1: Ball Keon Broxton is caught stealing 2nd base 1-1: Foul Ball, location: 2F 1-2: Fly out, F7 (Flyball, 78S)
|
Batting: SHB Josh Bell
|
0-0: Foul Ball, location: 2F 0-1: TRIPLE (Groundball, 3L)
|
Batting: LHB Carlos Gonzalez
|
0-0: Called Strike 0-1: Ball 1-1: Ball 2-1: Called Strike 2-2: Ball 3-2: SINGLE (Groundball, 34D) Josh Bell scores
|
Batting: RHB Nicholas Castellanos
|
0-0: Swinging Strike 0-1: Ball 1-1: SINGLE (Line Drive, 8LS) Carlos Gonzalez to second Runner from 2nd tries for 3rd, SAFE, no throw
|
Batting: RHB Jorge Soler
|
0-0: Ball 1-0: Called Strike 1-1: Ball 2-1: Fielders Choice at 2nd, 6-4 (Groundball, 6)
|
Bottom of the 6th over - 1 run, 3 hits, 0 errors, 2 left on base; Boston 8 - Toronto 7 |
TOP OF THE 7TH |
Boston Red Sox batting - Pitching for Toronto Blue Jays : RHP Carson Smith
|
Pitching: LHP Jake Diekman
|
|
Batting: SHB Yangervis Solarte
|
0-0: Ball 1-0: Called Strike 1-1: Ball 2-1: Foul Ball, location: 2F 2-2: Foul Ball, location: 2F 2-2: Ball 3-2: Base on Balls
|
Batting: LHB Derek Dietrich
|
0-0: Hit by Pitch Yangervis Solarte to second
|
Pinch Hitting: RHB Cesar Puello
|
0-0: Ball 1-0: Ball 2-0: Called Strike 2-1: Foul Ball, location: 2F 2-2: SINGLE (Groundball, 6MD) Yangervis Solarte to third Derek Dietrich to second
|
Pitching: RHP Dellin Betances
|
|
Batting: LHB Daniel Descalso
|
0-0: Called Strike 0-1: Swinging Strike 0-2: Ball 1-2: Ball 2-2: Strikes out swinging
|
Batting: LHB J.P. Crawford
|
0-0: Ball 1-0: Called Strike 1-1: Ball 2-1: Foul Ball, location: 2F 2-2: Foul Ball, location: 2F 2-2: Strikes out swinging
|
Batting: RHB Yasiel Puig
|
0-0: Ball 1-0: Foul Ball, location: 2F 1-1: Ball 2-1: Called Strike 2-2: GRAND SLAM HOME RUN (Flyball, 7LD), Distance : 351 ft
|
Batting: RHB Yoenis Cespedes
|
0-0: Called Strike 0-1: Fly out, F7 (Flyball, 7LM)
|
Top of the 7th over - 4 runs, 2 hits, 0 errors, 0 left on base; Boston 12 - Toronto 7 |
BOTTOM OF THE 7TH |
Toronto Blue Jays batting - Pitching for Boston Red Sox : RHP Cam Bedrosian
|
Now in CF: Cesar Puello
|
|
Batting: RHB Derek Norris
|
0-0: Foul Ball, location: 2F 0-1: Foul Ball, location: 2F 0-2: SINGLE (Groundball, 56D)
|
Pitching: RHP Oliver Drake
|
|
Batting: RHB Dixon Machado
|
0-0: Ball 1-0: Ball 2-0: Ball 3-0: Base on Balls Derek Norris to second
|
Batting: LHB Dee Gordon
|
0-0: Ball 1-0: Fielders Choice at 2nd, 6-4 (Groundball, 6MD) Derek Norris to third
|
Batting: RHB Keon Broxton
|
0-0: Called Strike Dee Gordon steals 2nd base 0-1: Foul Ball, location: 2F 0-2: Ball 1-2: Ball 2-2: Ball 3-2: Base on Balls
|
Batting: RHB Andrew McCutchen
|
0-0: Ball 1-0: Swinging Strike 1-1: Foul Ball, location: 2F 1-2: TRIPLE (Flyball, 9LD) Derek Norris scores Dee Gordon scores Keon Broxton scores
|
Pitching: RHP Nick Vincent
|
|
Batting: SHB Josh Bell
|
0-0: Called Strike 0-1: Ball 1-1: Ball 2-1: Foul Ball, location: 2F 2-2: SINGLE (Groundball, 34D) Andrew McCutchen scores
|
Batting: LHB Carlos Gonzalez
|
0-0: Swinging Strike 0-1: Ball 1-1: Ball 2-1: Called Strike 2-2: Strikes out swinging
|
Batting: RHB Nicholas Castellanos
|
0-0: Fly out, F7 (Flyball, 78S)
|
Bottom of the 7th over - 4 runs, 3 hits, 0 errors, 1 left on base; Boston 12 - Toronto 11 |
TOP OF THE 8TH |
Boston Red Sox batting - Pitching for Toronto Blue Jays : RHP Dellin Betances
|
Pitching: RHP JC Ramirez
|
|
Batting: LHB Matt Adams
|
0-0: Swinging Strike 0-1: Called Strike 0-2: SOLO HOME RUN (Flyball, 9D), Distance : 367 ft
|
Batting: RHB Travis d'Arnaud
|
0-0: Ball 1-0: Ball 2-0: Called Strike 2-1: Foul Ball, location: 2F 2-2: Foul Ball, location: 2F 2-2: Foul Ball, location: 2F 2-2: Foul Ball, location: 2F 2-2: Foul Ball, location: 2F 2-2: SINGLE (Line Drive, 89M)
|
Pitching: RHP Danny Barnes
|
|
Batting: SHB Yangervis Solarte
|
0-0: Ball 1-0: Called Strike 1-1: Grounds into double play, 6-4-3 (Groundball, 6)
|
Batting: LHB Derek Dietrich
|
0-0: Ball 1-0: Foul Ball, location: 2F 1-1: Swinging Strike 1-2: Strikes out swinging
|
Top of the 8th over - 1 run, 2 hits, 0 errors, 0 left on base; Boston 13 - Toronto 11 |
BOTTOM OF THE 8TH |
Toronto Blue Jays batting - Pitching for Boston Red Sox : RHP Nick Vincent
|
Pitching: RHP Liam Hendriks
|
|
Batting: RHB Jorge Soler
|
0-0: Ball 1-0: Called Strike 1-1: Foul Ball, location: 2F 1-2: SINGLE (Flyball, 9S)
|
Pinch Runner at 1st Billy Hamilton:
|
|
Batting: RHB Derek Norris
|
0-0: Called Strike 0-1: Called Strike 0-2: Ball 1-2: Strikes out swinging
|
Batting: RHB Dixon Machado
|
0-0: Ball 1-0: Swinging Strike 1-1: Foul Ball, location: 2F 1-2: Foul Ball, location: 2F 1-2: Fly out, F7 (Line Drive, 7)
|
Batting: LHB Dee Gordon
|
0-0: Ball 1-0: Foul Ball, location: 2F 1-1: Ground out 1-3 (Groundball, 13)
|
Bottom of the 8th over - 0 runs, 1 hit, 0 errors, 1 left on base; Boston 13 - Toronto 11 |
TOP OF THE 9TH |
Boston Red Sox batting - Pitching for Toronto Blue Jays : RHP Danny Barnes
|
Pitching: RHP Emilio Pagan
|
|
Batting: RHB Cesar Puello
|
0-0: Called Strike 0-1: Ball 1-1: Ball 2-1: Swinging Strike 2-2: Ball 3-2: Ground out 5-3 (Groundball, 56)
|
Batting: LHB Daniel Descalso
|
0-0: Swinging Strike 0-1: Ball 1-1: Swinging Strike 1-2: Foul Ball, location: 2F 1-2: Ball 2-2: Ball 3-2: Strikes out looking
|
Batting: LHB J.P. Crawford
|
0-0: Called Strike 0-1: Ball 1-1: Ball 2-1: Ball 3-1: Ground out 4-3 (Groundball, 4D)
|
Top of the 9th over - 0 runs, 0 hits, 0 errors, 0 left on base; Boston 13 - Toronto 11 |
BOTTOM OF THE 9TH |
Toronto Blue Jays batting - Pitching for Boston Red Sox : RHP Liam Hendriks
|
Pitching: RHP Edwin Diaz
|
|
Batting: RHB Keon Broxton
|
0-0: Ball 1-0: Called Strike 1-1: Swinging Strike 1-2: Ball 2-2: Ball 3-2: Foul Ball, location: 2F 3-2: Base on Balls
|
Batting: RHB Andrew McCutchen
|
0-0: Ball 1-0: Ball 2-0: Called Strike 2-1: Foul Ball, location: 2F 2-2: DOUBLE (Line Drive, 89D) Keon Broxton to third
|
Batting: SHB Josh Bell
|
0-0: Foul Ball, location: 2F 0-1: Ball 1-1: Swinging Strike 1-2: Ball 2-2: Foul Ball, location: 2F 2-2: Foul Ball, location: 2F 2-2: SINGLE (Groundball, 34D) Keon Broxton scores Andrew McCutchen to third
|
Batting: LHB Carlos Gonzalez
|
0-0: Ball 1-0: Called Strike 1-1: Foul Ball, location: 2F 1-2: Reached on error, E8 (Flyball, 8RM) Andrew McCutchen scores Josh Bell to second
|
Pinch Runner at 2nd Elvis Andrus:
|
|
Batting: RHB Nicholas Castellanos
|
0-0: Ball 1-0: Swinging Strike 1-1: Sac Bunt - play at first, batter OUT! 1-4 Elvis Andrus to third Carlos Gonzalez to second
|
Batting: SHB Billy Hamilton
|
0-0: Ball 1-0: Foul Ball, location: 2F 1-1: Swinging Strike 1-2: Foul Ball, location: 2F 1-2: Ball 2-2: SINGLE (Line Drive, 7S) Elvis Andrus scores
|
|
Tuesday, July 10th, 2018 - OOTP Baseball 19.7 Build 59
|
|